 Dungeon Crawl Stone Soup version 0.28.0-43-g3370ac3207 (webtiles) character file.

Game seed: 8281959611091966319

49 pkoi the Magician (level 3, 0/16 HPs)
             Began as a Spriggan Air Elementalist on Mar 6, 2022.
             Succumbed to an adder's poison
             ... on level 2 of the Dungeon.
             The game lasted 00:02:13 (1814 turns).

pkoi the Magician (Spriggan Air Elementalist)       Turns: 1814, Time: 00:02:14

Health: 0/16       AC:  2    Str:  4    XL:     3   Next: 51%
Magic:  3/8        EV: 17    Int: 18    God:
Gold:   74         SH:  0    Dex: 15    Spells: 8/9 levels left

rFire   . . .      SeeInvis +   i - +3 dagger
rCold   . . .      Faith    .   (no shield)
rNeg    . . .      Spirit   .   a - +0 robe
rPois   .          Reflect  .   (helmet restricted)
rElec   .          Harm     .   (no cloak)
rCorr   .          Rampage  .   (gloves unavailable)
Will    .....                   (boots unavailable)
Stlth   ++........              (no amulet)
HPRegen 0.05/turn               (no ring)
MPRegen 0.11/turn               (no ring)

@: lethally poisoned (0 -> -5), about to teleport, hasted, very quick
A: very small, no large weapons, unfitting armour, see invisible, speed 3,
hooves 1, low MP 1, subdued magic 1
a: no special abilities


You were on level 2 of the Dungeon.
You visited 1 branch of the dungeon, and saw 2 of its levels.

You collected 74 gold pieces.

Inventory:

Hand Weapons
 i - a +3 dagger (weapon)
Missiles
 b - 3 javelins
Armour
 a - a +0 robe (worn)
Scrolls
 e - a scroll of vulnerability {unknown}
 h - a scroll of fog {unknown}
 j - 3 scrolls of identify {unknown}
 k - a scroll of blinking {unknown}
 l - a scroll of enchant armour {unknown}


   Skills:
 - Level 3.0 Dodging
 - Level 3.0 Stealth
 + Level 3.6 Spellcasting
 - Level 0.6 Conjurations
 * Level 3.6 Air Magic


You had 8 spell levels left.
You knew the following spells:

 Your Spells              Type           Power      Damage    Failure   Level
a - Shock                 Conj/Air       32%        1d5       4%          1

Your spell library contained the following spells:

 Spells                   Type           Power      Damage    Failure   Level
 Static Discharge         Conj/Air       8%         N/A       8%          2
 Swiftness                Air            12%        N/A       9%          3
 Airstrike                Air            6%         N/A       30%         4


Dungeon Overview and Level Annotations

Branches:
Dungeon (2/15)

Altars:


Innate Abilities, Weirdness & Mutations

You are very small and have problems with some larger weapons.
You are too small for most types of armour.
You have supernaturally acute eyesight. (SInv)
You cover ground extremely quickly. (Speed+++)
You have large cloven feet.
Your magical capacity is low. (-10% MP)
Your spells are a little easier to cast, but a little less powerful.


Message History

The zap hits the adder.
The adder is almost dead.
The adder barely misses you. The adder closely misses you.
The zap misses the adder.
The adder barely misses you.
You hit the adder.
The adder is almost dead.
The adder bites you.
You are poisoned.
The adder poisons you!
You closely miss the adder.
The adder is almost dead.
You feel sick. The adder misses you. The adder bites you.
* * * LOW HITPOINT WARNING * * *
You are lethally poisoned!
The adder poisons you!
You hit the adder.
You kill the adder!
* * * LOW HITPOINT WARNING * * *
You feel sick.
Your magical contamination has completely faded away.
Training target 3.0 for Dodging reached!
Your Dodging skill increases to level 3!
There is a lethal amount of poison in your body!
There is a lethal amount of poison in your body!
It was a potion of mutation.
You feel extremely strange.
You feel less energetic.
Your connection to magic feels subdued.
Your feet thicken and deform.
* * * LOW HITPOINT WARNING * * *
You feel sick.
It was a potion of haste.
You feel yourself speed up.
* * * LOW HITPOINT WARNING * * *
You feel sick.
As you read the scroll labelled TAILIE BEZXOUHU, it crumbles to dust.
The air around you briefly surges with heat, but it dissipates.
It was a scroll of immolation.
* * * LOW HITPOINT WARNING * * *
You feel sick.
As you read the scroll labelled ECAYVO ROLOI, it crumbles to dust.
You feel strangely unstable.
It was a scroll of teleportation.
You die...

#....#### #.##....##
#......... ..#####).#
....(.... ..######.#
......... #.....##.###
.........
...##.....>#####........#
#..###.##...#..........## #
#.###....#.............#
###....###.#....@........#
#....#..##...............##
#.##......#..÷.............
#.######....###............
#.# #†.)..###.........#
#.######.....# ##........#
....#.....#.<.# ##......##
###)...##...#.####.######
##......#.†##...##.####


There were no monsters in sight!

Vanquished Creatures
  An adder (D:2)
  A dart slug (D:1)
  2 ball pythons (D:1)
  2 endoplasms (D:1)
  A giant cockroach (D:2)
  6 hobgoblins
  2 quokkas (D:2)
  6 bats
  2 frilled lizards
  5 goblins
  4 kobolds
  3 rats
35 creatures vanquished.

Notes
Turn   | Place    | Note
-------+----------+-------------------------------------------
     0 | D:1      | pkoi the Spriggan Air Elementalist began the quest for the
                  | Orb.
     0 | D:1      | Reached XP level 1. HP: 9/9 MP: 5/5
   328 | D:1      | Reached XP level 2. HP: 13/13 MP: 0/7
   488 | D:1      | Found a faded altar of an unknown god.
  1481 | D:2      | Reached XP level 3. HP: 16/16 MP: 6/8
  1811 | D:2      | Gained mutation: Your magical capacity is low. (-10% MP)
                  | [potion of mutation]
  1811 | D:2      | Gained mutation: Your spells are a little easier to cast,
                  | but a little less powerful. [potion of mutation]
  1811 | D:2      | Gained mutation: You have large cloven feet. [potion of
                  | mutation]
  1814 | D:2      | Succumbed to an adder's poison

Illustrated notes

Levels and vault maps discovered:
D:1:      kennysheep_arrival_seaside, layout_basic,
          chequers_ecumenical_altar_grove
D:2:      layout_rooms

Skill      XL: |  1  2  3 |
---------------+----------+-----
Spellcasting   | 3 |  3.6
Air Magic      | 3 |  3.6
Dodging        | 3 |  3.0
Stealth        | |  3.0
Conjurations   | |  0.6

Action                   || total
-------------------------++-------
Melee: Dagger            ||     3
 Cast: Shock             ||    79
  Use: Scroll            ||     2
       Potion            ||     2
Armor: Robe              ||     1
Dodge: Dodged            ||     9
